 Dungeon Crawl Stone Soup version 0.21.1-1-g345015fe64 (webtiles) character file.

1836 Htamos the Destroyer (level 8, -12/41 HPs)
             Began as a Deep Elf Wizard on July 13, 2018.
             Was an Initiate of Sif Muna.
             Mangled by smiqu's ghost (14 damage)
             ... on level 6 of the Dungeon.
             The game lasted 00:21:25 (10870 turns).

Htamos the Destroyer (Deep Elf Wizard)             Turns: 10870, Time: 00:21:25

Health: -12/41     AC: 11    Str:  4    XL:     8   Next: 87%
Magic:  12/16      EV:  5    Int: 26    God:    Sif Muna [......]
Gold:   341        SH:  3    Dex: 13    Spells: 14/15 levels left

rFire    . . .     SeeInvis .   o - +4 dagger (speed)
rCold    . . .     Gourm    .   y - +0 buckler
rNeg     . . .     Faith    .   Q - +3 scale mail
rPois    .         Spirit   .   j - +0 helmet
rElec    .         Reflect  .   (no cloak)
rCorr    .         Harm     .   A - +0 pair of gloves
MR       .....                  (no boots)
Stlth    +.........             (no amulet)
HPRegen  0.13/turn              (no ring)
MPRegen  0.15/turn              (no ring)

@: no status effects
A: no striking features
a: Renounce Religion


You were on level 6 of the Dungeon.
You worshipped Sif Muna.
Sif Muna was noncommittal.
You were hungry.

You visited 2 branches of the dungeon, and saw 8 of its levels.

You collected 341 gold pieces.

Inventory:

Hand Weapons
 h - a +0 club
 o - a +4 dagger of speed (weapon)
 q - a +0 hunting sling
 x - a +0 short sword of flaming
Missiles
 g - 29 poisoned needles
 k - 6 tomahawks (quivered)
 m - 142 arrows
 s - 240 stones
 t - 63 bolts
 u - 11 javelins
 B - 37 sling bullets
 O - a throwing net
Armour
 a - a +0 robe
 b - a +0 hat
 i - a +1 pair of gloves
 j - a +0 helmet (worn)
 n - a +2 helmet
 p - a +0 leather armour
 y - a +0 buckler (worn)
 A - a +0 pair of gloves (worn)
 Q - a +3 scale mail (worn)
Jewellery
 C - the ring "Cechunu" {rF++ rC+ Dex-3 SInv, unknown}
   (You found it on level 4 of the Dungeon)

   [ring of protection from cold]

   It affects your dexterity (-3).
   It greatly protects you from fire.
   It protects you from cold.
   It lets you see invisible.
 H - a +4 ring of evasion {unknown}
Wands
 D - a wand of flame (3)
 P - a wand of digging (11)
Scrolls
 z - a scroll of immolation {unknown}
 J - a scroll of identify
 K - a scroll of holy word {unknown}
 L - a scroll of fog {unknown}
Potions
 e - a potion of magic
 f - 3 potions of cancellation
 l - a potion of invisibility
 r - a potion of degeneration {unknown}
 v - 3 potions of heal wounds {unknown}
 E - 2 potions of resistance
 F - a potion of mutation {unknown}
 G - 2 potions of might {unknown}
 I - a potion of haste
 M - a potion of brilliance {unknown}
 N - a potion of lignification {unknown}
Books
 c - a book of Minor Magic

   Spells                             Type                      Level
   a - Magic Dart                     Conjuration                  1
   b - Blink                          Translocation                2
   c - Call Imp                       Summoning                    2
   d - Slow                           Hexes                        2
   e - Conjure Flame                  Conjuration/Fire             3
   f - Mephitic Cloud                 Conjuration/Poison/Air       3
Comestibles
 d - 12 rations


   Skills:
 - Level 2.4 Dodging
 - Level 2.4 Stealth
 - Level 4.4 Spellcasting
 + Level 12.2 Conjurations
   Level 1.1 Summonings
   Level 1.1 Translocations


You had 14 spell levels left.
You knew the following spells:

 Your Spells              Type           Power        Failure   Level  Hunger
a - Magic Dart            Conj           ####         3%          1    None


Dungeon Overview and Level Annotations

Branches:
Dungeon (7/15)             Temple (1/1) D:7

Altars:
Cheibriados
Dithmenos
Fedhas
Hepliaklqana
Kikubaaqudgha
Nemelex Xobeh
Okawaru
Qazlal
Ru
Sif Muna
Uskayaw
Wu Jian
Xom
Yredelemnul
Zin

Annotations:
D:6 smiqu's ghost, novice GrFi
D:7 brittlin's ghost, novice HOFi


Message History

Aim: an iguana (severely wounded)
The magic dart hits the iguana.
The iguana is severely wounded.
The killer bee buzzes angrily.
You block the bullfrog's attack.
The bullfrog hits you but does no damage.
The iguana bites you but does no damage.
You are feeling hungry.
You block the bullfrog's attack.
The iguana bites you but does no damage.
You climb upwards.
Level annotation: smiqu's ghost, novice GrFi Smiqu's ghost hits you!
* * * LOW HITPOINT WARNING * * *
There is a stone staircase leading down, spattered with blood here.
Unknown command.
You feel better. The bullfrog hits you!
* * * LOW HITPOINT WARNING * * *
Smiqu's ghost hits you!
You die...

####.#####.# #..........#
#.##.###...# #)##.......#
#W######...#################
#.#<...#.##.................
#.W....#.##.################
#############'##'################
................@W...............
.###............lF##############.
.# #.#######......#### #. .###.#
#.........# #. .....# ##........#
#. ###### #........# ##
#........# #........# #........#
########


You could see a bullfrog, an iguana and smiqu's ghost.

Vanquished Creatures
  Edmund (D:4)
  2 water moccasins (D:5)
  A black bear (D:6)
  An ice beast (D:5)
  A phantom (D:5)
  A sky beast (D:5)
  A scorpion (D:4)
  3 killer bees (D:7)
  A crimson imp (D:5)
  2 jellies
  3 centaur skeletons
  3 orc priests
  A gnoll shaman (D:5)
  A hound (D:5)
  2 orc wizards
  2 iguanas (D:4)
  Natasha (thrice) (D:4)
  4 worker ants
  A hound skeleton (D:6)
  9 adders
  8 gnolls
  An ooze (D:2)
  An adder skeleton (D:6)
  3 worms
  5 dart slugs
  7 leopard geckos
  11 orcs
  11 bats
  11 giant cockroaches
  8 goblins
  17 hobgoblins
  10 jackals
  4 quokkas
  A ball python (D:2)
  9 frilled lizards
  12 kobolds
  A quokka skeleton (D:7)
  10 rats
173 creatures vanquished.

Notes
Turn   | Place    | Note
-------+----------+-------------------------------------------
     0 | D:1      | Htamos the Deep Elf Wizard began the quest for the Orb.
     0 | D:1      | Reached XP level 1. HP: 10/10 MP: 7/7
   183 | D:1      | Reached skill level 2 in Conjurations
   337 | D:2      | Reached XP level 2. HP: 7/15 MP: 5/9
   574 | D:1      | Reached skill level 3 in Conjurations
   720 | D:1      | Reached XP level 3. HP: 19/19 MP: 6/10
  1301 | D:1      | Reached skill level 4 in Conjurations
  1751 | D:2      | Reached XP level 4. HP: 24/24 MP: 6/12
  2225 | D:2      | Reached skill level 5 in Conjurations
  2372 | D:2      | Reached XP level 5. HP: 19/28 MP: 5/13
  2704 | D:2      | Reached skill level 6 in Conjurations
  3547 | D:3      | Found a stormy altar of Qazlal.
  3926 | D:3      | Reached XP level 6. HP: 32/32 MP: 11/14
  4208 | D:4      | Noticed Edmund
  4536 | D:4      | Reached skill level 7 in Conjurations
  5021 | D:4      | Got a crude iron ring
  5041 | D:4      | Noticed Natasha
  5045 | D:4      | Killed Natasha
  5111 | D:4      | Noticed Natasha
  5114 | D:4      | Killed Natasha
  5114 | D:4      | Reached skill level 8 in Conjurations
  5246 | D:4      | Noticed Natasha
  5249 | D:4      | Killed Natasha
  5249 | D:4      | Reached XP level 7. HP: 23/36 MP: 10/15
  5487 | D:4      | Killed Edmund
  5919 | D:4      | Found a basalt altar of Yredelemnul.
  5947 | D:5      | Entered Level 5 of the Dungeon
  6021 | D:5      | Reached skill level 9 in Conjurations
  6462 | D:5      | Reached skill level 10 in Conjurations
  6462 | D:5      | Reached XP level 8. HP: 21/41 MP: 6/16
  7392 | D:6      | Noticed smiqu's ghost (novice GrFi)
  8313 | D:5      | Reached skill level 11 in Conjurations
 10018 | D:7      | Found a staircase to the Ecumenical Temple.
 10038 | Temple   | Entered the Ecumenical Temple
 10245 | Temple   | Became a worshipper of Sif Muna the Loreminder
 10281 | D:7      | Noticed brittlin's ghost (novice HOFi)
 10287 | D:7      | Reached skill level 12 in Conjurations
 10287 | D:7      | Found a stormy altar of Qazlal.
 10869 | D:6      | HP: 1/41 [smiqu's ghost (14)]
 10870 | D:6      | Mangled by smiqu's ghost

Skill      XL: |  1  2  3  4  5  6  7  8 |
---------------+-------------------------+-----
Conjurations   | 2 3 4 5 6 8 10 12 | 12.2
Dodging        | |  2.4
Stealth        | |  2.4
Spellcasting   | |  4.4
Summonings     | |  1.1
Translocations | |  1.1

Action                   |  1- 3 |  4- 6 |  7- 9 || total
-------------------------+-------+-------+-------++-------
Melee: Dagger            |       |    13 |    17 ||    30
 Cast: Magic Dart        |    97 |   201 |   243 ||   541
Evoke: Wand              |       |     1 |    37 ||    38
  Use: Scroll            |       |     5 |     9 ||    14
       Potion            |       |     3 |     3 ||     6
  Eat: Chunk             |     2 |    11 |    13 ||    26
       Ration            |       |       |     1 ||     1
Armor: Robe              |     2 |       |       ||     2
       Leather armour    |     5 |    17 |    45 ||    67
       Scale mail        |       |       |     9 ||     9
Dodge: Dodged            |     7 |    31 |    70 ||   108
Block: Buckler           |       |     3 |    25 ||    28
